 Dungeon Crawl Stone Soup version 0.21.0-3-g78d12a8bdd (webtiles) character file.

40 Rrauwl the Bolt Thrower (level 3, -2/20 HPs)
             Began as a Kobold Arcane Marksman on Jan 14, 2018.
             Slain by a gnoll
             ... wielding a +0 halberd
              (13 damage)
             ... on level 2 of the Dungeon.
             The game lasted 00:06:38 (1323 turns).

Rrauwl the Bolt Thrower (Kobold Arcane Marksman)    Turns: 1323, Time: 00:06:39

Health: -2/20      AC:  5    Str:  8    XL:     3   Next: 72%
Magic:  4/4        EV: 16    Int: 14    God:
Gold:   64         SH:  0    Dex: 15    Spells: 0/4 levels left

rFire    + . .     SeeInvis .   b - +0 hand crossbow
rCold    + . .     Gourm    .   (shield restricted)
rNeg     . . .     Faith    .   e - +0 robe
rPois    .         Spirit   .   (no helmet)
rElec    .         Reflect  .   h - scarf {rC+ rF+}
rCorr    .         Harm     .   (no gloves)
MR       .....                  g - +2 pair of boots
Stlth    ++........             (no amulet)
HPRegen  0.06/turn              i - ring of wizardry
MPRegen  0.09/turn              (no ring)

@: no status effects
A: small, carnivore
a: no special abilities


You were on level 2 of the Dungeon.
You were very full.

You visited 1 branch of the dungeon, and saw 2 of its levels.

You collected 64 gold pieces.

Inventory:

Hand Weapons
 a - a +1 whip of pain
 b - a +0 hand crossbow (weapon)
Missiles
 d - 12 bolts (quivered)
Armour
 e - a +0 robe (worn)
 g - a +2 pair of boots (worn)
 h - a scarf of resistance (worn)
Jewellery
 i - a ring of wizardry (left hand)
Potions
 o - 2 potions of berserk rage
Books
 c - a book of Debilitation

   Spells                             Type                      Level
   a - Corona                         Hexes                        1
   b - Slow                           Hexes                        2
   c - Inner Flame                    Hexes/Fire                   3
   d - Portal Projectile              Hexes/Translocation          3
   e - Cause Fear                     Hexes                        4
   f - Leda's Liquefaction            Hexes/Earth                  4
Comestibles
 f - 2 rations


   Skills:
 - Level 1.1 Fighting
 + Level 3.3 Crossbows
 + Level 3.2 Dodging
 + Level 2.3 Stealth
 - Level 1.1 Spellcasting
 - Level 3.0 Hexes


You couldn't memorise any spells.
You knew the following spells:

 Your Spells              Type           Power        Failure   Level  Hunger
a - Corona                Hex            #......      3%          1    ##.....
b - Inner Flame           Hex/Fire       #.......     16%         3    ####...


Dungeon Overview and Level Annotations

Branches:
Dungeon (2/15)

Altars:


Innate Abilities, Weirdness & Mutations

You are small and have problems with some larger weapons.
You are carnivorous and can eat meat at any time.


Message History

There is a stone staircase leading up here.
There is a stone staircase leading up here.
You climb upwards.
There is a stone staircase leading down here.
You start resting.
HP restored.
You see here a stone.
You see here 3 stones.
You enter a teleport trap!
The teleport trap disappears.
Your surroundings suddenly seem different.
There is a shaft here.
There is a stone staircase leading down here.
You climb downwards.
The gnoll closely misses you.
The gnoll hits you from afar with a halberd!
The gnoll completely misses you.
There is a stone staircase leading up here.
The gnoll barely misses you. The gnoll hits you but does no damage.
The gnoll hits you from afar with a halberd!
Ouch! That really hurt!
You die...

### ### #..
.. #.# .#
###=##.####.#
#.....#.....#
#.#.##.#
####.#g##.#
........@#g#
#######..#g#
#gg#(# #.g#g#
#.<#g##
####.....###
............#
###.###...#.#
#.# ##.##.#


You could see 4 gnolls.

Vanquished Creatures
  3 dart slugs (D:1)
  2 leopard geckos (D:1)
  A bat (D:1)
  A giant cockroach (D:1)
  5 goblins (D:1)
  4 hobgoblins (D:1)
  3 jackals (D:1)
  5 kobolds (D:1)
  5 rats (D:1)
29 creatures vanquished.

Notes
Turn   | Place    | Note
-------+----------+-------------------------------------------
     0 | D:1      | Rrauwl the Kobold Arcane Marksman began the quest for the Orb.
     0 | D:1      | Reached XP level 1. HP: 12/12 MP: 2/2
    76 | D:1      | Reached skill level 1 in Stealth
    76 | D:1      | Reached XP level 2. HP: 15/16 MP: 3/3
   357 | D:1      | Reached XP level 3. HP: 14/20 MP: 4/4
   982 | D:2      | Learned a level 3 spell: Inner Flame
  1323 | D:2      | Slain by a gnoll

Skill      XL: |  1  2  3 |
---------------+----------+-----
Stealth        | 1 2 |  2.3
Crossbows      | 3 |  3.3
Dodging        | 3 |  3.2
Fighting       | |  1.1
Spellcasting   | |  1.1
Hexes          | |  3.0

Action                   || total
-------------------------++-------
Melee: Whip              ||    22
 Fire: Hand crossbow     ||    61
 Cast: Corona            ||     1
  Use: Scroll            ||     5
       Potion            ||     1
  Eat: Chunk             ||     8
Armor: Robe              ||     8
Dodge: Dodged            ||    26
